 Dungeon Crawl Stone Soup version 0.27.1-1-g398f81649c (webtiles) character file.

Game seed: 2006233306330219962

110 Metae the Conjurer (level 4, -1/35 (36) HPs)
             Began as a Draconian Conjurer on Sept 9, 2021.
             Slain by a water moccasin (6 damage)
             ... on level 2 of the Dungeon.
             The game lasted 00:08:19 (2353 turns).

Metae the Conjurer (Draconian Conjurer)             Turns: 2353, Time: 00:08:19

HP:   -1/35 (36)    AC:  5    Str:  9    XL:     4   Next: 61%
MP:   5/7           EV: 12    Int: 19    God:
Gold: 83            SH:  0    Dex: 10    Spells: 5/8 levels left

rFire    x . .     SeeInvis .   a - +0 dagger (pain)
rCold    + . .     Faith    .   (no shield)
rNeg     . . .     Spirit   .   (armour unavailable)
rPois    .         Reflect  .   (helmet restricted)
rElec    .         Harm     .   (no cloak)
rCorr    .         Rampage  .   (no gloves)
Will     .....                  (no boots)
Stlth    ++........             (no amulet)
HPRegen  0.11/turn              f - ring of ice
MPRegen  0.10/turn              (no ring)

@: lethally poisoned (-1 -> -6), lightly drained
A: AC +5, unfitting armour, cold-blooded
a: no special abilities


You were on level 2 of the Dungeon.
You visited 1 branch of the dungeon, and saw 3 of its levels.

You collected 83 gold pieces.

Inventory:

Hand Weapons
 a - a +0 dagger of pain (weapon)
Jewellery
 f - a ring of ice (left hand)
Scrolls
 g - a scroll of vulnerability {unknown}
 i - a scroll of identify {unknown}
Potions
 b - 2 potions of lignification {unknown}
 c - 2 potions of curing {unknown}
 d - a potion of berserk rage {unknown}
 e - a potion of might {unknown}
 h - a potion of ambrosia {unknown}


   Skills:
 * Level 1.8 Fighting
 + Level 0.3 Short Blades
 - Level 1.7 Dodging
 + Level 1.8 Stealth
 + Level 2.6 Spellcasting
 * Level 5.2 Conjurations


You had 5 spell levels left.
You knew the following spells:

 Your Spells              Type           Power      Damage    Failure   Level
a - Magic Dart            Conj           88%        1d7       1%          1
b - Searing Ray           Conj           44%        3d4       2%          2

Your spell library contained the following spells:

 Spells                   Type           Power      Damage    Failure   Level
 Animate Skeleton         Necr           4%         N/A       16%         1
 Apportation              Tloc           4%         N/A       16%         1
 Corona                   Hex            2%         N/A       16%         1
 Summon Small Mammal      Summ           8%         N/A       16%         1
 Dazzling Flash           Conj/Hex       24%        N/A       16%         3
 Fulminant Prism          Conj/Hex       6%         3d7       47%         4
 Iskenderun's Mystic Bla  Conj/Tloc      12%        2d5       47%         4


Dungeon Overview and Level Annotations

Branches:
Dungeon (3/15)

Altars:

Annotations:
D:2 1 runed translucent door, Crazy Yiuf


Innate Abilities, Weirdness & Mutations

Your plain brown scales are hard. (AC +5)
You cannot fit into any form of body armour.
You are cold-blooded and may be slowed by cold attacks.


Message History

The rat bites you.
You climb upwards.
Level annotation: 1 runed translucent door, Crazy Yiuf
There is a stone staircase leading down here.
Casting: Magic Dart (safe; 1% risk of failure)
Confirm with . or Enter, or press ? or * to list all spells.
Aiming: Magic Dart (safe; 1% risk of failure)
Press: ? - help, Shift-Dir - straight line, f - rat
Aim: a rat (100% to hit)
The magic dart hits the rat.
You kill the rat!
You start resting.
HP restored.
You can't go up here!
You climb downwards.
The water moccasin barely misses you.
The water moccasin bites you but does no damage.
The wight closely misses you. The water moccasin bites you.
There is a stone staircase leading up, spattered with blood here.
Casting: Magic Dart (safe; 1% risk of failure)
Confirm with . or Enter, or press ? or * to list all spells.
Aiming: Magic Dart (safe; 1% risk of failure)
Press: ? - help, Shift-Dir - straight line, f - wight
Aim: a wight, wielding a +5 short sword and wearing a +0 robe (100% to hit)
The magic dart hits the wight but does no damage.
The water moccasin closely misses you.
The wight hits you with a +5 short sword!
You feel drained.
You can't go down here!
The water moccasin bites you!
You are poisoned.
The water moccasin poisons you! The wight hits you but does no damage.
You climb upwards.
Level annotation: 1 runed translucent door, Crazy Yiuf
* * * LOW HITPOINT WARNING * * *
You feel very sick.
There is a stone staircase leading down here.
You feel sick. The water moccasin bites you.
* * * LOW HITPOINT WARNING * * *
The water moccasin bites you.
You die...

#.# #.# #(# #.# ######.# #.#
####.#####......#####.#
#...........####......#
#.##.#####..# #.######
#.##.# #..# #.# #.##.# #..#
#.# #.##.#####..# #.#
#.##.....#S@####.######
#.######.#>z[.........######
#.# #.#†.####.####.......
#.# #.#..####.## #.######
#.######.#........# #.#
#...)<......####..# #.######
########)##.#####.###.#.....
########......# #..>....####
#.............###.###.#.####


You could see a water moccasin and a wight.

Vanquished Creatures
  A scorpion (D:3)
  An adder (D:2)
  A dart slug (D:2)
  A bat (D:1)
  4 endoplasms
  3 giant cockroaches
  6 hobgoblins
  4 kobolds
  A ball python (D:1)
  3 frilled lizards
  9 goblins
  7 rats
41 creatures vanquished.

Vanquished Creatures (others)
  2 plants (D:3)
2 creatures vanquished.

Grand Total: 43 creatures vanquished

Notes
Turn   | Place    | Note
-------+----------+-------------------------------------------
     0 | D:1      | Metae the Draconian Conjurer began the quest for the Orb.
     0 | D:1      | Reached XP level 1. HP: 14/14 MP: 3/3
   452 | D:1      | Reached XP level 2. HP: 22/22 MP: 3/5
   599 | D:1      | Reached skill level 1 in Fighting
  1266 | D:2      | Reached XP level 3. HP: 28/28 MP: 1/6
  1362 | D:2      | Learned a level 2 spell: Searing Ray
  1921 | D:2      | Found a runed translucent door.
  1922 | D:2      | Noticed Crazy Yiuf
  2054 | D:3      | Noticed a scorpion
  2070 | D:3      | Killed a scorpion
  2071 | D:3      | Reached skill level 5 in Conjurations
  2071 | D:3      | Reached XP level 4. HP: 19/36 MP: 0/7
  2318 | D:3      | Noticed a water moccasin
  2353 | D:2      | Slain by a water moccasin

Illustrated notes

Levels and vault maps discovered:
D:1:      shiori_arrival_maze, layout_rooms
D:2:      layout_loops_ring, uniq_crazy_yiuf_cottage
D:3:      layout_basic, chequers_big_river, minmay_divided_ellipse,
          uniq_natasha, uniq_robin

Skill      XL: |  1  2  3 |
---------------+----------+-----
Fighting       | 1 |  1.8
Conjurations   | 5 |  5.2
Short Blades   | |  0.3
Dodging        | |  1.7
Stealth        | |  1.8
Spellcasting   | |  2.6

Action                   |  1- 3 |  4- 6 || total
-------------------------+-------+-------++-------
Melee: Dagger            |    57 |     1 ||    58
       Unarmed           |     7 |       ||     7
       Tailslap          |     4 |       ||     4
 Cast: Magic Dart        |    66 |     9 ||    75
Armor: Skin              |    15 |     2 ||    17
Dodge: Dodged            |    44 |     4 ||    48
